 Dungeon Crawl Stone Soup version 0.31-b1-22-gc680215f68 (webtiles) character file.

Game seed: 11072285896973358127

471 Bludyard the Gusty (level 7, -4/61 HPs)
             Began as an Oni Air Elementalist on Jan 17, 2024.
             Was an Initiate of Vehumet.
             Slain by an orc
             ... wielding a +0 flail
              (9 damage)
             ... on level 4 of the Dungeon on Jan 18, 2024.
             The game lasted 00:15:37 (3949 turns).

Bludyard the Gusty (Oni Air Elementalist)           Turns: 3949, Time: 00:15:38

Health: -4/61      AC:  3    Str: 13    XL:     7   Next: 9%
Magic:  8/13       EV: 10    Int: 16    God:    Vehumet [......]
Gold:   212        SH:  0    Dex: 11    Spells: 4/14 levels left

rFire   . . .        j - +0 hand axe (flame)
rCold   . . .        p - orb {*channel}
rNeg    + . .        d - +0 robe
rPois   .            (helmet restricted)
rElec   .            (no cloak)
rCorr   .            (gloves unavailable)
SInv    +            (boots unavailable)
Will    +....        (no amulet)
Stlth   +++          h - ring of positive energy
HPRegen 0.30/turn    o - ring of see invisible
MPRegen 0.13/turn

%: channel magic (20%)
@: about to teleport, very slightly contaminated
A: large, unfitting armour, horns 1, tough skin 1, double potion healing,
drunken brawling, thin skeletal structure 1, dopey 1, strong-willed 1
a: Renounce Religion


You were on level 4 of the Dungeon.
You worshipped Vehumet.
Vehumet was noncommittal.
You visited 2 branches of the dungeon, and saw 5 of its levels.

You collected 212 gold pieces.

Inventory:

Hand Weapons
 j - a +0 hand axe of flaming (weapon)
Armour
 a - a +0 robe
 d - a +0 robe (worn)
 p - an orb of energy (worn)
Jewellery
 h - a ring of positive energy (left hand)
 o - a ring of see invisible (right hand)
Scrolls
 c - a scroll of fog {unknown}
 m - 2 scrolls of blinking {unknown}
 q - a scroll of butterflies {unknown}
Potions
 b - a potion of magic
 f - a potion of ambrosia
 g - a potion of cancellation
 i - a potion of heal wounds {unknown}
 k - a potion of haste {unknown}
 n - a potion of curing


   Skills:
 + Level 0.9 Fighting
 + Level 1.0 Axes
 * Level 2.9 Dodging
 - Level 1.4 Stealth
 + Level 4.3 Spellcasting
 * Level 3.3 Conjurations
 * Level 4.5 Air Magic


You had 4 spell levels left.
You knew the following spells:

 Your Spells              Type           Power      Damage    Failure   Level
a - Shock                 Conj/Air       64%        1d7       11%         1
b - Static Discharge      Conj/Air       32%        3-5/arc   14%         2
c - Swiftness             Air            18%        N/A       21%         3
d - Airstrike             Air            9%         2d(2-18)  47%         4

Your spell library contained the following spells:

 Spells                   Type           Power      Damage    Failure   Level
 Magic Dart               Conj           56%        1d5       13%         1
 Blink                    Tloc           6%         N/A       47%         2
 Call Imp                 Summ           6%         N/A       47%         2
 Brom's Barrelling Bould  Conj/Erth      8%         2d3       82%         4
 Iskenderun's Battlesphe  Conj           14%        2d7       89%         5
 Fireball                 Conj/Fire      4%         3d4       98%         5
 Conjure Ball Lightning   Conj/Air       8%         3x3d6     100%        6
 Orb of Destruction       Conj           7%         9d6       100%        7


Dungeon Overview and Level Annotations

Branches:
Dungeon (4/15)             Temple (1/1) D:4

Altars:
Ashenzari
Dithmenos
Fedhas
Gozag
Hepliaklqana
Kikubaaqudgha
Makhleb
Nemelex Xobeh
Qazlal
Ru
Trog
Uskayaw
Vehumet
Wu Jian
Xom
Yredelemnul
Zin
The Shining One


Innate Abilities, Weirdness & Mutations

You are too large for most types of armour.
You have a pair of small horns on your head.
You have tough skin. (AC +1)
You gain doubled healing and magic from potions.
Whenever you drink a healing potion, you attack all around you.
You have a somewhat thin skeletal structure. (Dex +2, Stealth+)
You are dopey. (Int -2)
You are strong-willed. (Will+)


Message History

The ball of steam misses you.
You hear an angry hiss.
You hear a shout! x2
Casting: Shock (safe; 10% risk of failure)
Confirm with . or Enter, or press ? or * to list all spells.
Aiming: Airstrike (quite dangerous; 43% risk of failure)
Press: ? - help, Dir - move target, f - steam dragon
Aim: a steam dragon (moderately wounded, empty space bonus: 4/8)
You miscast Airstrike.
Nothing appears to happen.
Magical energy flows into your mind!
You aren't carrying any items that you can evoke.
You hit the steam dragon but do no damage.
You headbutt the steam dragon.
The steam dragon is moderately wounded.
The steam dragon closely misses you. The steam dragon barely misses you.
You take a swig of the potion and twirl your +0 hand axe of flaming.
You closely miss the steam dragon.
You headbutt the steam dragon, but do no damage.
The steam dragon is moderately wounded.
You savour every drop.
You feel better. The steam dragon closely misses you.
The steam dragon barely misses you.
You hit the steam dragon. You burn the steam dragon.
Your headbutt misses the steam dragon.
The steam dragon is heavily wounded.
The steam dragon breathes steam at you. The ball of steam hits you!
You hear an angry hiss.
It was a potion of mutation.
You feel extremely strange.
Your bones become slightly less dense.
You feel stupid.
You feel strong-willed.
You are engulfed in a cloud of scalding steam.
You hear a shout!
The steam dragon bites you!
* * * LOW HITPOINT WARNING * * *
The steam dragon claws you.
* * * LOW HITPOINT WARNING * * *
As you read the scroll of teleportation, it crumbles to dust.
You feel strangely unstable. The orc hits you with a +0 flail!
* * * LOW HITPOINT WARNING * * *
The steam dragon barely misses you. The steam dragon closely misses you.
The orc hits you with a +0 flail!
You die...

#####.####..#
#...........##
######.......##...#
#......(.....##..##
#................##
.......###.####§..#
## .......#
#.....§.## B#
..###### #...§..§##
#o #...
#....§§@.##D# ####.
#......#oD#§# ..
........##.B# .
###.....###.#
#.....# #.# #.....
..# #..... .##
####.# #. ##


You could see a steam dragon (catching breath), a bombardier beetle and an orc.

Vanquished Creatures
  A black bear (D:4)
  An ogre (D:4)
  A scorpion (D:4)
  A bombardier beetle (D:4)
  An iguana (D:4)
  7 adders
  3 gnolls (D:3)
  3 dart slugs
  2 orcs
  7 bats
  8 endoplasms
  2 giant cockroaches (D:1)
  9 goblins
  6 hobgoblins
  7 kobolds
  5 ball pythons
  4 frilled lizards
  6 rats
74 creatures vanquished.

Notes
Turn   | Place    | Note
-------+----------+-------------------------------------------
     0 | D:1      | Bludyard the Oni Air Elementalist began the quest for the
                  | Orb.
     0 | D:1      | Reached XP level 1. HP: 16/16 MP: 3/3
   136 | D:1      | Reached skill level 1 in Conjurations
   146 | D:1      | Reached XP level 2. HP: 24/24 MP: 0/5
   149 | D:1      | Learned a level 2 spell: Static Discharge
   650 | D:1      | Reached XP level 3. HP: 31/31 MP: 3/7
   654 | D:1      | Learned a level 3 spell: Swiftness
  1375 | D:2      | Reached XP level 4. HP: 39/39 MP: 3/8
  2116 | D:3      | Upgraded the game from 0.31-b1-20-g67cafac56d to
                  | 0.31-b1-22-gc680215f68
  2421 | D:3      | Noticed an air elemental
  2507 | D:3      | Found a stormy altar of Qazlal.
  2511 | D:3      | Noticed a fire elemental
  2511 | D:3      | Noticed an earth elemental
  2511 | D:3      | Noticed a water elemental
  2548 | D:3      | Reached XP level 5. HP: 17/45 MP: 0/10
  3325 | D:4      | Identified the +3 ring mail "Xucanipt" {rPois rN+ rCorr}
  3425 | D:4      | Learned a level 4 spell: Airstrike
  3513 | D:4      | Noticed an ogre
  3523 | D:4      | Killed an ogre
  3524 | D:4      | Reached XP level 6. HP: 52/54 MP: 4/12
  3590 | D:4      | Found a staircase to the Ecumenical Temple.
  3609 | Temple   | Entered the Ecumenical Temple
  3777 | Temple   | Became a worshipper of Vehumet
  3867 | D:4      | Noticed a black bear
  3875 | D:4      | Killed a black bear
  3876 | D:4      | Reached skill level 1 in Axes
  3876 | D:4      | Reached XP level 7. HP: 58/61 MP: 8/13
  3936 | D:4      | Noticed a steam dragon
  3947 | D:4      | Gained mutation: You have a somewhat thin skeletal
                  | structure. (Dex +2, Stealth+) [potion of mutation]
  3947 | D:4      | Gained mutation: You are dopey. (Int -2) [potion of
                  | mutation]
  3947 | D:4      | Gained mutation: You are strong-willed. (Will+) [potion of
                  | mutation]
  3949 | D:4      | Slain by an orc

Illustrated notes

Levels and vault maps discovered:
D:1:      elethiomel_arrival_quiet, layout_basic
D:2:      layout_basic
D:3:      layout_loops_ring, nicolae_qazlal_style_of_elements, minmay_pentangle
D:4:      layout_basic, minmay_temple_entry_ruins, serial_shops, shop,
          minmay_manual_macuahuitl
Temple:   minmay_temple_bridge_d

Skill      XL: |  1  2  3  4  5  6 |
---------------+-------------------+-----
Conjurations   | 1 2 3 |  3.3
Spellcasting   | 3 4 |  4.3
Dodging        | 2 |  2.9
Air Magic      | 3 4 |  4.5
Axes           | 1 |  1.0
Fighting       | |  0.9
Stealth        | |  1.4

Action                     |  1- 3 |  4- 6 |  7- 9 || total
---------------------------+-------+-------+-------++-------
  Melee: Unarmed           |     5 |       |       ||     5
         Hand axe          |     8 |    17 |     2 ||    27
         Headbutt          |       |     2 |     2 ||     4
   Cast: Shock             |    65 |    89 |     1 ||   155
         Static Discharge  |       |    11 |     1 ||    12
         Airstrike         |       |       |     1 ||     1
    Use: Scroll            |     2 |     5 |     1 ||     8
         Potion            |     1 |       |     2 ||     3
 Armour: Robe              |    17 |    38 |     9 ||    64
  Dodge: Dodged            |    17 |    19 |     8 ||    44
